[Event "Titled Tuesday Blitz June 20 Late 2023"]
[White "Eljanov, Pavel"]
[Black "Ashraf, Artin"]
[WhiteFideId "14102951"]
[BlackFideId "22514805"]
[WhiteElo "2598"]
[BlackElo "2224"]
[Result "1-0"]
[Round "7"]
[TimeControl "180+2"]
[Date "2023.06.20"]
[WhiteClock "0:01:03"]
[BlackClock "0:00:00"]
[Board "31"]

1. d4 Nf6 2. c4 e6 3. Nc3 d5 4. cxd5 exd5 5. Bg5 c6 6. e3 Bf5 7. Qb3 Qb6 8. Bxf6 gxf6 9. Kd2 Nd7 10. Bd3 Qxb3 11. axb3 Bg6 12. Nf3 Bd6 13. Nh4 Ke7 14. f4 Bxd3 15. Kxd3 a6 16. g4 Rag8 17. Nf5+ Ke6 18. Nh6 Rg7 19. h4 Nb6 20. Raf1 Nc8 21. e4 dxe4+ 22. Nxe4 Be7 23. Re1 Kd7 24. Nf5 Rxg4 25. Nxe7 Rxf4 26. Nc5+ Kd6 27. Nxb7+ Kc7 28. Nxc8 Rxc8 29. Nc5 Rd8 30. Re7+ Kc8 31. Re4 Rf3+ 32. Kc4 Rf2 33. Kc3 f5 34. Re7 Rg8 35. Rhe1 Rg3+ 36. Kb4 f4 37. Re8+ 1-0


[Site "https://www.chess.com"]

[Event "Titled Tuesday Blitz June 20 Late 2023"]
[White "Martic, Ivan"]
[Black "Tari, Aryan"]
[WhiteFideId "929301"]
[BlackFideId "1510045"]
[WhiteElo "2346"]
[BlackElo "2586"]
[Result "0-1"]
[Round "7"]
[TimeControl "180+2"]
[Date "2023.06.20"]
[WhiteClock "0:00:36"]
[BlackClock "0:01:27"]
[Board "32"]

1. d4 d5 2. c4 e6 3. Nc3 c5 4. cxd5 cxd4 5. Qa4+ Bd7 6. Qxd4 exd5 7. Nf3 Nf6 8. Bg5 Nc6 9. Qd3 Bb4 10. e3 h6 11. Bh4 g5 12. Bg3 Ne4 13. Be2 Bf5 14. Nd4 Bxc3+ 15. bxc3 Nxg3 16. Nxf5 Nxh1 17. Rb1 Qf6 18. Rxb7 O-O 19. g4 Rab8 20. Rc7 Ne5 21. Qd4 Rb1+ 22. Kd2 Rfb8 23. Bd3 Nf3+ 0-1


[Site "https://www.chess.com"]

[Event "Titled Tuesday Blitz June 20 Late 2023"]
[White "Sanal, Vahap"]
[Black "Bernabeu Lopez, Carlos Javier"]
[WhiteFideId "6300545"]
[BlackFideId "2235366"]
[WhiteElo "2606"]
[BlackElo "2344"]
[Result "1-0"]
[Round "7"]
[TimeControl "180+2"]
[Date "2023.06.20"]
[WhiteClock "0:01:44"]
[BlackClock "0:02:09"]
[Board "33"]

1. e4 e5 2. Nf3 Nf6 3. Nxe5 Nxe4 4. Qe2 Qe7 5. Qxe4 d6 6. d4 dxe5 7. dxe5 Nc6 8. Nc3 Qxe5 9. Qxe5+ Nxe5 10. Bf4 Bd6 11. Bg3 f6 12. Nb5 Be6 13. Nxd6+ cxd6 14. O-O-O O-O-O 15. b3 Kc7 16. Be2 a6 17. Rhe1 Rhe8 18. Bf1 Nc6 19. Kb2 Bf7 20. Rxe8 Bxe8 21. h4 Bh5 22. f3 Ne5 23. Be1 Bf7 24. Ba5+ b6 25. Be1 a5 26. a4 Be6 27. Bb5 Bd7 28. Be2 Bc6 29. Bf2 Bb7 30. Bf1 Ra8 31. Bd4 Ba6 32. c4 Bb7 33. Re1 Re8 34. Kc3 Bc6 35. Bf2 Nf7 36. Rxe8 Bxe8 37. Bd3 h6 38. Bg6 Kc6 39. Bd4 Kc7 40. Kd2 Kc6 41. Ke3 Kc7 42. g4 Kc6 43. f4 Kc7 44. g5 hxg5 45. fxg5 fxg5 46. h5 Kd7 47. Bxb6 Ke6 48. Bxa5 Bc6 49. Bc3 Ne5 50. Bxe5 Kxe5 51. a5 g4 52. b4 g3 53. b5 g2 54. Kf2 Ba8 55. Bf7 Kd4 56. Bd5 Bxd5 57. cxd5 Kc5 58. b6 1-0


[Site "https://www.chess.com"]

[Event "Titled Tuesday Blitz June 20 Late 2023"]
[White "Seemann, Jakub"]
[Black "Licznerski, Lukasz"]
[WhiteFideId "21874697"]
[BlackFideId "1179250"]
[WhiteElo "2364"]
[BlackElo "2453"]
[Result "1-0"]
[Round "7"]
[TimeControl "180+2"]
[Date "2023.06.20"]
[WhiteClock "0:00:10"]
[BlackClock "0:00:00"]
[Board "34"]

1. e4 c6 2. d4 d5 3. exd5 cxd5 4. Bd3 Nc6 5. c3 Nf6 6. Nf3 Bg4 7. h3 Bh5 8. O-O e6 9. Bf4 Bd6 10. Bxd6 Qxd6 11. Nbd2 O-O 12. a4 Rfc8 13. a5 Bg6 14. Bxg6 hxg6 15. Re1 Rab8 16. Ne5 Qc7 17. Nb3 Nxe5 18. Rxe5 b6 19. a6 Ne4 20. Nd2 Nxd2 21. Qxd2 b5 22. Re3 Qd8 23. g3 Rb6 24. Qe2 Rcc6 25. h4 b4 26. h5 gxh5 27. Qxh5 Rxa6 28. Rxa6 Rxa6 29. cxb4 Rb6 30. g4 Qf6 31. g5 Qxd4 32. Rh3 g6 33. Qh7+ Kf8 34. Rf3 Qg7 35. Qh2 Qxb2 36. Qc7 Qa1+ 37. Kg2 f5 38. gxf6 1-0


[Site "https://www.chess.com"]

[Event "Titled Tuesday Blitz June 20 Late 2023"]
[White "ATM622"]
[Black "Baskakov, Egor"]
[BlackFideId "24197866"]
[WhiteElo "2639"]
[BlackElo "2225"]
[Result "1-0"]
[Round "7"]
[TimeControl "180+2"]
[Date "2023.06.20"]
[WhiteClock "0:00:15"]
[BlackClock "0:00:38"]
[Board "35"]

1. d4 Nf6 2. c4 e6 3. g3 d5 4. Bg2 Be7 5. Nf3 Ne4 6. O-O O-O 7. Nbd2 f5 8. Qc2 c6 9. b3 Bd7 10. Bb2 Be8 11. Ne5 Nd7 12. f4 Nxd2 13. Qxd2 Nxe5 14. fxe5 g5 15. Rac1 g4 16. cxd5 cxd5 17. Rc2 Bg5 18. Qd3 a6 19. a4 b5 20. Bc1 bxa4 21. Bxg5 Qxg5 22. bxa4 Bxa4 23. Rc7 Bb5 24. Qc2 Qe3+ 25. Kh1 Qxd4 26. Qc1 Qxe5 27. Qg5+ Kh8 28. Qe7 Qxc7 29. Qxc7 Kg8 30. Qe5 Rfe8 31. Rc1 Ra7 32. Bxd5 exd5 33. Qxd5+ Rf7 34. Rc7 Rf8 35. h4 gxh3 36. Kh2 Bxe2 37. Kxh3 Bh5 38. Kh4 Bg6 39. Kg5 Kg7 40. Qe5+ Kg8 41. Kh6 Rxc7 42. Qxc7 Rf7 43. Qd8+ Rf8 44. Qd4 Kf7 45. Qd7+ Kf6 46. Qg7+ Ke6 47. Qxf8 Ke5 48. Qb4 Kd5 49. Qa5+ Ke4 50. Qxa6 Kf3 51. Qd6 Kg4 52. Qf4+ Kh3 53. Kg5 Kg2 54. Kh4 1-0


[Site "https://www.chess.com"]

[Event "Titled Tuesday Blitz June 20 Late 2023"]
[White "Avila Pavas, Santiago"]
[Black "Schnaider, Ilan"]
[WhiteFideId "4437128"]
[BlackFideId "169013"]
[WhiteElo "2449"]
[BlackElo "2224"]
[Result "0-1"]
[Round "7"]
[TimeControl "180+2"]
[Date "2023.06.20"]
[WhiteClock "0:00:17"]
[BlackClock "0:00:03"]
[Board "36"]

1. d4 Nf6 2. Nf3 g6 3. Bg5 Bg7 4. Nbd2 d5 5. e3 O-O 6. Be2 c5 7. c3 Nc6 8. O-O Qb6 9. Qb3 c4 10. Qa3 Bf5 11. b3 cxb3 12. axb3 Rac8 13. Rfc1 Rfe8 14. h3 Ne4 15. Nxe4 Bxe4 16. c4 e5 17. dxe5 Nxe5 18. Qxa7 Qxb3 19. Nd2 Qb2 20. Nxe4 dxe4 21. Bf1 Nd3 22. Bxd3 exd3 23. Rab1 Rxc4 24. Rd1 Qe2 25. Qxb7 d2 26. Qd5 Rc2 27. Kh2 h6 28. Bh4 g5 29. Bg3 Rec8 30. Qd7 Rf8 31. Bd6 Rfc8 32. Rb7 Qxf2 33. Bc7 R2xc7 34. Rxc7 Be5+ 35. Kh1 Qe1+ 0-1


[Site "https://www.chess.com"]

[Event "Titled Tuesday Blitz June 20 Late 2023"]
[White "Maximov, Dmitry"]
[Black "Manukyan, Sargis A."]
[WhiteFideId "14105659"]
[BlackFideId "13303970"]
[WhiteElo "2494"]
[BlackElo "2187"]
[Result "1/2-1/2"]
[Round "7"]
[TimeControl "180+2"]
[Date "2023.06.20"]
[WhiteClock "0:00:13"]
[BlackClock "0:00:28"]
[Board "37"]

1. e4 c5 2. Nf3 d6 3. c3 Nf6 4. Bc4 Bg4 5. Qb3 e6 6. Qxb7 Nbd7 7. Be2 Rb8 8. Qxa7 Nxe4 9. d3 Nef6 10. Qa4 d5 11. h3 Bh5 12. O-O Bd6 13. Qd1 O-O 14. Re1 Qc7 15. Nbd2 h6 16. Nf1 Rfe8 17. Nh4 Bxe2 18. Qxe2 Ne5 19. Nf3 Ng6 20. b3 e5 21. c4 e4 22. dxe4 dxe4 23. N3h2 Be5 24. Rb1 Bd4 25. Be3 Nf4 26. Bxf4 Qxf4 27. Ne3 Ra8 28. Rbd1 Nh7 29. g3 Qg5 30. h4 Qe5 31. Nhg4 Qe6 32. Nd5 h5 33. Nge3 Qe5 34. Rd2 g6 35. Red1 Nf8 36. Kg2 Ne6 37. Nb6 Ra7 38. a4 f5 39. Ned5 Kh7 40. Re1 Rf7 41. a5 g5 42. hxg5 Kg6 43. Rh1 Rh8 44. a6 f4 45. Nxf4+ Rxf4 46. a7 Rxf2+ 47. Qxf2 Bxf2 48. Rxf2 e3 49. Rf6+ Kxg5 50. Nd5 Qe4+ 51. Kh2 h4 52. g4 h3 53. Rg1 Qe5+ 54. Kh1 Qxf6 55. Nxf6 Kxf6 56. Re1 Nf4 57. Rxe3 Ra8 58. Re4 Kg5 59. Re7 Kxg4 60. Kh2 Kf3 61. Rf7 Rd8 62. Rd7 Re8 63. Re7 Ra8 64. Rg7 Rc8 65. Rg3+ Kf2 66. Rg7 Re8 67. Rb7 Kf3 68. Rb8 Re2+ 69. Kg1 h2+ 70. Kh1 Re1+ 71. Kxh2 Re2+ 72. Kh1 Re1+ 73. Kh2 Re2+ 74. Kh1 Kg3 75. Rg8+ Kf2 76. a8=Q Re1+ 77. Kh2 Re2 78. Rg2+ Nxg2 79. Qxg2+ Ke3 80. Kg3 Rxg2+ 81. Kxg2 Kd3 82. Kf3 Kc3 83. Ke4 Kxb3 84. Kd3 Kb4 85. Kd2 Kb3 86. Kd3 Kb4 87. Kd2 Kxc4 88. Kc2 Kb4 89. Kb2 Kc4 90. Kc2 Kd4 91. Kd2 Kd5 92. Kd3 c4+ 93. Kc3 Kc5 94. Kc2 Kd4 95. Kd2 c3+ 96. Kc2 Kc4 97. Kc1 Kb4 98. Kc2 Kc4 99. Kc1 Kb5 100. Kc2 Kb4 101. Kc1 Kb3 102. Kb1 Ka3 103. Kc2 Kb4 104. Kc1 Kb3 105. Kb1 c2+ 106. Kc1 Ka2 107. Kxc2 1/2-1/2


[Site "https://www.chess.com"]

[Event "Titled Tuesday Blitz June 20 Late 2023"]
[White "TimGrutter03"]
[Black "Santos Ruiz, Miguel"]
[BlackFideId "22291482"]
[WhiteElo "2618"]
[BlackElo "2499"]
[Result "0-1"]
[Round "7"]
[TimeControl "180+2"]
[Date "2023.06.20"]
[WhiteClock "0:00:00"]
[BlackClock "0:00:05"]
[Board "38"]

1. d4 Nf6 2. Nc3 d5 3. Bf4 c5 4. e4 cxd4 5. Qxd4 Nc6 6. Bb5 Bd7 7. Bxc6 Bxc6 8. e5 Nd7 9. e6 fxe6 10. Nf3 Qb6 11. Qxb6 Nxb6 12. O-O h6 13. h4 g6 14. Rfe1 Bd7 15. Ne5 Rg8 16. Nxd7 Kxd7 17. Nb5 Bg7 18. c3 Nc4 19. Nc7 e5 20. Nxa8 exf4 21. Rad1 Rxa8 22. Rxd5+ Nd6 23. c4 b6 24. b4 Bc3 25. Rb1 Rc8 26. c5 bxc5 27. bxc5 Ke6 28. Rbd1 Nf5 29. h5 g5 30. R5d3 Bb4 31. Re1+ Kf6 32. Rb3 Bxe1 0-1


[Site "https://www.chess.com"]

[Event "Titled Tuesday Blitz June 20 Late 2023"]
[White "Mahdavi, Reza"]
[Black "Moral Garcia, Serafin"]
[WhiteFideId "12595926"]
[BlackFideId "2201925"]
[WhiteElo "2395"]
[BlackElo "2274"]
[Result "1-0"]
[Round "7"]
[TimeControl "180+2"]
[Date "2023.06.20"]
[WhiteClock "0:00:02"]
[BlackClock "0:00:00"]
[Board "39"]

1. e4 e5 2. f4 d5 3. exd5 e4 4. d3 Nf6 5. dxe4 Nxe4 6. Nf3 Bc5 7. Qe2 f5 8. Nc3 O-O 9. Nxe4 fxe4 10. Qxe4 Bf5 11. Qc4 Nd7 12. Bd2 Re8+ 13. Be2 Re4 14. Qb3 Qe8 15. d6+ Kh8 16. O-O-O Rxe2 17. Ng5 h6 18. Nf7+ Kh7 19. dxc7 Qe6 20. Qxe6 Bxe6 21. Nd8 Bxa2 22. Rhe1 Bc4 23. Rxe2 Bxe2 24. Re1 Bb5 25. Nxb7 Rc8 26. Ba5 Bb6 27. Bxb6 axb6 28. Nd6 Rxc7 29. Nxb5 Rc5 30. Nd4 Rc4 31. c3 Nf6 32. Kc2 Rc5 33. Re7 Nd5 34. Re4 Nf6 35. Re5 Rc8 36. g3 Ng4 37. Re2 h5 38. Kd3 Nf6 39. Ne6 Ra8 40. Nd4 Kg6 41. Re7 Ng4 42. Re6+ Kf7 43. Rxb6 Nxh2 44. Rb7+ Kf6 45. Rb6+ Kf7 46. Nc6 Ra1 47. Ne5+ Kf8 48. Ke4 Nf1 49. Kf5 Nxg3+ 50. Ke6 Kg8 51. c4 h4 52. c5 h3 53. c6 h2 54. c7 Rc1 55. Rc6 Rxc6+ 56. Nxc6 h1=Q 57. c8=Q+ Kh7 58. Ne7 Qe4+ 59. Kd7 Qa4+ 60. Kd8 Qxf4 61. Qh3+ Qh6 62. Qxg3 Qb6+ 63. Ke8 Qb5+ 64. Kf8 1-0


[Site "https://www.chess.com"]

[Event "Titled Tuesday Blitz June 20 Late 2023"]
[White "Lin, Dachey"]
[Black "Ingebretsen, Jens E"]
[WhiteFideId "2029650"]
[BlackFideId "1522965"]
[WhiteElo "2313"]
[BlackElo "2213"]
[Result "1-0"]
[Round "7"]
[TimeControl "180+2"]
[Date "2023.06.20"]
[WhiteClock "0:00:39"]
[BlackClock "0:00:45"]
[Board "40"]

1. g4 d5 2. Bg2 Bxg4 3. c4 c6 4. Qb3 Qc7 5. cxd5 Nf6 6. Nc3 a6 7. h3 Bd7 8. d4 e6 9. dxe6 Bxe6 10. Qc2 Bb4 11. e4 Nbd7 12. Ne2 O-O-O 13. Be3 Nb6 14. a3 Be7 15. Bf4 Qd7 16. d5 Nfxd5 17. exd5 Nxd5 18. Bxd5 Bxd5 19. Na4 1-0


[Site "https://www.chess.com"]

[Event "Titled Tuesday Blitz June 20 Late 2023"]
[White "Tristan, Leonardo"]
[Black "Bjelobrk, Igor"]
[WhiteFideId "113816"]
[BlackFideId "4300726"]
[WhiteElo "2461"]
[BlackElo "2319"]
[Result "1-0"]
[Round "7"]
[TimeControl "180+2"]
[Date "2023.06.20"]
[WhiteClock "0:00:08"]
[BlackClock "0:00:00"]
[Board "41"]

1. d4 e6 2. Nf3 c5 3. c3 Nc6 4. Bf4 Qb6 5. Qb3 Qxb3 6. axb3 cxd4 7. Nxd4 Nxd4 8. cxd4 d5 9. Nc3 Bb4 10. Bd2 Ne7 11. Nb5 Bxd2+ 12. Kxd2 O-O 13. Rxa7 Rxa7 14. Nxa7 Bd7 15. e3 Ra8 16. Nb5 Ra1 17. Nc3 b5 18. g4 b4 19. Na4 Bxa4 20. bxa4 Rxa4 21. Kc2 Ra8 22. Kb3 Rb8 23. Bd3 Nc6 24. Ra1 Kf8 25. Ra6 Ne7 26. Ra5 Nc6 27. Rb5 Rc8 28. Rb6 Ke7 29. Bb5 Nd8 30. Ra6 Rc1 31. Ra7+ Kf6 32. Rd7 Nc6 33. Rd6 Na5+ 34. Kxb4 Nc4 35. Rc6 Rb1 36. b3 Nd2 37. Rc3 Nf1 38. Bxf1 1-0


[Site "https://www.chess.com"]

[Event "Titled Tuesday Blitz June 20 Late 2023"]
[White "Oro, Faustino"]
[Black "Isajevsky, Anton"]
[WhiteFideId "20000197"]
[BlackFideId "4142500"]
[WhiteElo "1984"]
[BlackElo "2510"]
[Result "1-0"]
[Round "7"]
[TimeControl "180+2"]
[Date "2023.06.20"]
[WhiteClock "0:00:32"]
[BlackClock "0:00:00"]
[Board "42"]

1. Nf3 d5 2. g3 Nf6 3. Bg2 e6 4. O-O Be7 5. b3 O-O 6. Bb2 b6 7. c4 Bb7 8. d4 Nbd7 9. Nbd2 c5 10. Rc1 Rc8 11. cxd5 Bxd5 12. Nc4 Rc7 13. Qd2 Qa8 14. Rfd1 cxd4 15. Qxd4 Rfc8 16. Ne1 Bxg2 17. Nxg2 b5 18. Nce3 Rxc1 19. Bxc1 Nc5 20. Bb2 Rd8 21. Qf4 Nce4 22. Rc1 b4 23. Qf3 a5 24. Nc4 Qa6 25. Nf4 a4 26. Nd3 axb3 27. axb3 h6 28. Nce5 Nd2 29. Qe3 Nxb3 30. Rc6 Qb5 31. Qa7 Re8 32. Rc7 Nd5 33. Rb7 Qa5 34. Nc6 Qxa7 35. Rxa7 Bf8 36. e4 Nc3 37. f3 Nc5 38. Ndxb4 Nb5 39. Ra5 Nc7 40. Be5 Rc8 41. Na7 Rb8 42. Nac6 Rc8 43. Na7 Rb8 44. Nbc6 Rb1+ 45. Kg2 N7a6 46. Bd4 f6 47. e5 Kf7 48. exf6 gxf6 49. Be3 e5 50. Ra2 Rb3 51. Bg1 Ke6 52. Na5 1-0


[Site "https://www.chess.com"]

[Event "Titled Tuesday Blitz June 20 Late 2023"]
[White "Velikanov, Alexander"]
[Black "Sharan, Rao"]
[WhiteFideId "2039290"]
[BlackFideId "5073464"]
[WhiteElo "2259"]
[BlackElo "2149"]
[Result "1-0"]
[Round "7"]
[TimeControl "180+2"]
[Date "2023.06.20"]
[WhiteClock "0:01:54"]
[BlackClock "0:02:00"]
[Board "43"]

1. Nf3 Nf6 2. c4 b6 3. g3 Bb7 4. Bg2 e6 5. O-O Be7 6. d4 O-O 7. d5 exd5 8. Nh4 c6 9. cxd5 Nxd5 10. Nf5 Re8 11. e4 Nc7 12. Nc3 Bf8 13. Bf4 Nba6 14. Bd6 Ne6 15. e5 Qc8 16. Ne4 Qd8 17. Qg4 Bxd6 18. Nf6+ Kh8 19. Nxd6 gxf6 20. Nxf7# 1-0


[Site "https://www.chess.com"]

[Event "Titled Tuesday Blitz June 20 Late 2023"]
[White "Cuenca Jimenez, Jose Fernando"]
[Black "De La Villa Garcia, Jesus Maria"]
[WhiteFideId "2255570"]
[BlackFideId "2200040"]
[WhiteElo "2418"]
[BlackElo "2569"]
[Result "0-1"]
[Round "7"]
[TimeControl "180+2"]
[Date "2023.06.20"]
[WhiteClock "0:00:00"]
[BlackClock "0:01:55"]
[Board "44"]

1. c4 e5 2. Nc3 Nf6 3. Nf3 Nc6 4. e4 Bc5 5. Nxe5 Nxe5 6. d4 Bb4 7. dxe5 Nxe4 8. Qf3 Nxc3 9. bxc3 Ba5 10. Be2 O-O 11. Bf4 d6 12. Rd1 Bd7 13. exd6 cxd6 14. Bxd6 Re8 15. O-O Bc6 16. Qd3 Bxc3 17. Bf3 Qf6 18. Bxc6 bxc6 19. c5 h6 20. Qa6 Rec8 21. Rd3 Be5 22. Rf3 Qg5 23. Qb7 Bf6 24. g3 Qd5 25. Ra3 Re8 26. Rxa7 Rxa7 27. Qxa7 Re2 28. a4 Bd4 29. Qa5 Qf3 30. Qd8+ Kh7 0-1


[Site "https://www.chess.com"]

[Event "Titled Tuesday Blitz June 20 Late 2023"]
[White "Jaracz, Pawel"]
[Black "Ismagilov, Damir"]
[WhiteFideId "1102222"]
[BlackFideId "34199982"]
[WhiteElo "2454"]
[BlackElo "2104"]
[Result "0-1"]
[Round "7"]
[TimeControl "180+2"]
[Date "2023.06.20"]
[WhiteClock "0:00:00"]
[BlackClock "0:00:26"]
[Board "45"]

1. e4 c5 2. Nf3 a6 3. c4 Nc6 4. Nc3 e5 5. g3 g6 6. Bg2 Bg7 7. O-O Nge7 8. a3 O-O 9. Rb1 a5 10. Nd5 d6 11. d3 Nxd5 12. cxd5 Nd4 13. Nxd4 cxd4 14. f4 f5 15. fxe5 dxe5 16. b4 fxe4 17. Bxe4 Rxf1+ 18. Qxf1 axb4 19. Rxb4 Bf8 20. Rb3 Bd7 21. Rxb7 Bxa3 22. Bxa3 Rxa3 23. d6 Ra5 24. Qb1 Rc5 25. Qa2+ Kf8 26. h4 Qc8 27. Qf2+ Kg7 28. Bg2 Rc1+ 29. Kh2 Rc2 30. Qf3 Kh6 31. Ra7 Bc6 32. d7 Bxd7 0-1


[Site "https://www.chess.com"]

[Event "Titled Tuesday Blitz June 20 Late 2023"]
[White "Berezin, Viktor"]
[Black "Fiorito, Joaquin"]
[WhiteFideId "14107872"]
[BlackFideId "180173"]
[WhiteElo "2310"]
[BlackElo "2199"]
[Result "0-1"]
[Round "7"]
[TimeControl "180+2"]
[Date "2023.06.20"]
[WhiteClock "0:00:01"]
[BlackClock "0:01:31"]
[Board "46"]

1. d4 Nf6 2. Nf3 d5 3. c4 e6 4. g3 Bb4+ 5. Nbd2 dxc4 6. Qc2 b5 7. Bg2 Bb7 8. O-O O-O 9. Rd1 a5 10. a3 Bxd2 11. Bxd2 Be4 12. Qc1 Qd5 13. Ne1 Bxg2 14. Nxg2 Nc6 15. Bg5 Ne4 16. Be3 Rfd8 17. f3 Nf6 18. Bf2 Qh5 19. Qf4 e5 20. dxe5 Qxe5 21. Qxe5 Nxe5 22. Nf4 Nc6 23. e4 h6 24. Bc5 g5 25. Ne2 g4 26. Nd4 Ne5 27. Be7 Rxd4 28. Rxd4 Nxf3+ 29. Kf2 Nxd4 30. Bxf6 Ne6 31. Rd1 Kh7 32. Ke3 Kg6 33. Be5 c5 34. Rf1 Ra7 35. Rf6+ Kh7 36. Bc3 b4 37. axb4 cxb4 38. Be5 Rd7 39. Rf5 a4 40. Ke2 Nc5 41. Ke3 Nd3 42. Bd4 c3 43. Kxd3 cxb2 44. Rf1 a3 45. Kc4 Rxd4+ 46. Kxd4 a2 47. Rxf7+ Kg6 0-1


[Site "https://www.chess.com"]

[Event "Titled Tuesday Blitz June 20 Late 2023"]
[White "Przybylski, Wojciech"]
[Black "Bolourchifard, Farzad"]
[WhiteFideId "1117599"]
[BlackFideId "12510084"]
[WhiteElo "2228"]
[BlackElo "2317"]
[Result "1-0"]
[Round "7"]
[TimeControl "180+2"]
[Date "2023.06.20"]
[WhiteClock "0:00:19"]
[BlackClock "0:00:09"]
[Board "47"]

1. e4 e5 2. Nf3 Nc6 3. Bb5 a6 4. Ba4 Nf6 5. O-O b5 6. Bb3 Bc5 7. d3 d6 8. h3 h6 9. Be3 O-O 10. a4 Rb8 11. Nc3 Bxe3 12. fxe3 Be6 13. axb5 axb5 14. Bxe6 fxe6 15. Ne2 Nh5 16. c3 b4 17. Qb3 Qe8 18. c4 Nf6 19. Ra6 Ne7 20. c5 Qc8 21. Rfa1 Ne8 22. d4 exd4 23. Nexd4 Rf6 24. e5 Rg6 25. Nh4 Kh7 26. Nxg6 Nxg6 27. exd6 cxd6 28. cxd6 e5 29. Ne6 Qd7 30. Ra7 Qxd6 31. R1a6 Rb6 32. Rxb6 Qxb6 33. Ra8 Qc6 34. Rd8 Nh4 35. Qd5 Qc1+ 36. Kh2 Nf6 37. Nf8+ Kh8 38. Ng6+ Kh7 39. Nf8+ Kh8 40. Nd7+ Kh7 41. Nxf6+ Kg6 42. Ng4 Qxe3 43. Nxe3 1-0


[Site "https://www.chess.com"]

[Event "Titled Tuesday Blitz June 20 Late 2023"]
[White "Kakabayev, Mergen"]
[Black "Nikologorsky, Matfei"]
[WhiteFideId "14002990"]
[BlackFideId "24102474"]
[WhiteElo "2240"]
[BlackElo "2153"]
[Result "1-0"]
[Round "7"]
[TimeControl "180+2"]
[Date "2023.06.20"]
[WhiteClock "0:00:17"]
[BlackClock "0:00:00"]
[Board "48"]

1. e4 c5 2. Nf3 e6 3. d4 cxd4 4. Nxd4 a6 5. c4 Nf6 6. Nc3 Qc7 7. f3 b6 8. Be3 Bb7 9. Qd2 d6 10. Rc1 Be7 11. Be2 Nbd7 12. O-O O-O 13. Rfd1 Rac8 14. Bf1 Qb8 15. b3 Rfe8 16. Qf2 Bd8 17. g3 Qa8 18. Bg2 d5 19. cxd5 exd5 20. Nxd5 Nxd5 21. Rxc8 Qxc8 22. exd5 Bxd5 23. Nf5 Qc6 24. Qb2 Nf6 25. f4 Bxg2 26. Qxg2 Qe6 27. Qc2 g6 28. Nh6+ Kg7 29. Bc1 b5 30. f5 Bb6+ 31. Kg2 Qe2+ 32. Qxe2 Rxe2+ 33. Kh3 Rxa2 34. Rd6 Bg1 35. Ng4 Nxg4 36. Kxg4 h5+ 37. Kg5 gxf5 38. Kxh5 Bxh2 39. Bf4 Re2 40. Rxa6 Re6 41. Ra7 Bg1 42. Rb7 Be3 43. Kg5 Bd4 44. Kxf5 Rf6+ 45. Ke4 Bb2 46. Rxb5 Rc6 47. Rb7 Kg6 48. b4 Rc2 49. b5 f5+ 50. Kd3 Rc3+ 51. Kd2 Rb3 52. Kc2 Rb4 53. Bd2 Rd4 54. b6 Ba1 55. Rc7 Rd5 56. b7 Rb5 57. Bf4 Bd4 58. Rd7 Ba7 59. Kd3 Kh5 60. Kc4 Rb1 61. Kd5 Kg4 62. Kc6 Kf3 63. Rd8 Rc1+ 64. Kb5 Rb1+ 65. Ka6 Ra1+ 66. Kb5 Rb1+ 67. Kc6 Rb2 68. Ra8 Rc2+ 69. Kd7 1-0


[Site "https://www.chess.com"]

[Event "Titled Tuesday Blitz June 20 Late 2023"]
[White "Sun, Rick"]
[Black "Taranenko, Evgueniy"]
[WhiteFideId "30909481"]
[BlackFideId "14122138"]
[WhiteElo "2169"]
[BlackElo "2101"]
[Result "0-1"]
[Round "7"]
[TimeControl "180+2"]
[Date "2023.06.20"]
[WhiteClock "0:00:01"]
[BlackClock "0:00:50"]
[Board "49"]

1. e4 e6 2. d4 d5 3. exd5 exd5 4. Nf3 Nf6 5. Bd3 Bd6 6. O-O O-O 7. h3 c6 8. Nbd2 Nbd7 9. Re1 Re8 10. Nf1 Ne4 11. c3 Ndf6 12. Ng5 h6 13. Nxe4 dxe4 14. Bc2 Bc7 15. Be3 Nd5 16. Bd2 f5 17. Qh5 Be6 18. Bxh6 gxh6 19. Qg6+ Kf8 20. Qxh6+ Ke7 21. f3 Bf4 22. Qg7+ Kd6 23. fxe4 fxe4 24. Rxe4 Qg5 25. Qxb7 Bxh3 26. g3 Bxf1 27. Kxf1 Qxg3 28. c4 Qf3+ 29. Kg1 Rg8+ 30. Qg7 Rxg7# 0-1


[Site "https://www.chess.com"]

[Event "Titled Tuesday Blitz June 20 Late 2023"]
[White "Pinero Rodriguez, Carlos Jose"]
[Black "Zhigalko, Sergei"]
[WhiteFideId "3901726"]
[BlackFideId "13502956"]
[WhiteElo "2146"]
[BlackElo "2626"]
[Result "1-0"]
[Round "7"]
[TimeControl "180+2"]
[Date "2023.06.20"]
[WhiteClock "0:00:17"]
[BlackClock "0:00:00"]
[Board "50"]

1. b3 e5 2. Bb2 e4 3. c4 Nf6 4. a3 Nc6 5. e3 d5 6. cxd5 Qxd5 7. Nc3 Qg5 8. f4 Qg6 9. Qc2 h5 10. Nh3 Bf5 11. Ng5 O-O-O 12. Bc4 Rd7 13. b4 Nd8 14. O-O-O Be7 15. Qb3 Rf8 16. Nb5 Kb8 17. Nd4 Bg4 18. Rde1 Rd6 19. h3 Bd7 20. Kb1 Ne8 21. g4 hxg4 22. hxg4 Bxg4 23. Reg1 f5 24. Nge6 Nxe6 25. Nxe6 Rxe6 26. Bxe6 Bf6 27. Qd5 Nd6 28. Qb3 a6 29. Rc1 Rd8 30. Rhg1 Bxb2 31. Kxb2 Qf6+ 32. Kb1 Nb5 33. Bc4 Rxd2 34. Bxb5 axb5 35. Qc3 Qd6 36. Rc2 Rd3 37. Qc5 Qxc5 38. Rxc5 c6 39. Re1 Rxa3 40. Kb2 Rd3 41. Kc2 Kc7 42. Re5 Kd7 43. Rc5 Ra3 44. Kb2 Kc7 45. Kxa3 1-0


[Site "https://www.chess.com"]

[Event "Titled Tuesday Blitz June 20 Late 2023"]
[White "Fishbein, Alexander"]
[Black "Erdogmus, Yagiz Kaan"]
[WhiteFideId "2000377"]
[BlackFideId "44599790"]
[WhiteElo "2403"]
[BlackElo "2359"]
[Result "1-0"]
[Round "7"]
[TimeControl "180+2"]
[Date "2023.06.20"]
[WhiteClock "0:00:50"]
[BlackClock "0:00:51"]
[Board "51"]

1. e4 c5 2. Nf3 d6 3. d4 cxd4 4. Nxd4 Nf6 5. Nc3 a6 6. a4 e5 7. Nf3 h6 8. Bc4 Be7 9. O-O Be6 10. Qe2 Nbd7 11. Bxe6 fxe6 12. Qc4 Kf7 13. Be3 Ng4 14. Rad1 Qc8 15. Qb3 Rf8 16. h3 Nxe3 17. fxe3 Nf6 18. a5 Qc5 19. Na4 Qxa5 20. Nb6 Rad8 21. Nc4 Qb5 22. Qa2 Qc5 23. Kh2 b5 24. Na5 Qxe3 25. Nc6 Rde8 26. Nfxe5+ dxe5 27. Nxe5+ Kg8 28. Qxe6+ Kh8 29. Ng6+ Kh7 30. Nxe7 Qxe4 31. Rxf6 Qxc2 32. Rxf8 Rxf8 33. Re1 Re8 34. Qe4+ Qxe4 35. Rxe4 a5 36. Re5 a4 37. Nc6 Rxe5 38. Nxe5 b4 39. Nc4 Kg6 40. Kg3 Kf5 41. Kf3 g5 42. g4+ Kg6 43. Ke4 h5 44. Ke5 hxg4 45. hxg4 Kf7 46. Kd4 Ke6 47. Kc5 a3 48. Nxa3 bxa3 49. bxa3 Ke5 50. a4 Kf4 51. a5 Kxg4 52. a6 Kh3 53. a7 g4 54. a8=Q g3 55. Qh1+ Kg4 56. Qg2 Kf4 57. Kd4 1-0


[Site "https://www.chess.com"]

[Event "Titled Tuesday Blitz June 20 Late 2023"]
[White "Nazari, Arad"]
[Black "Piesik, Piotr"]
[WhiteFideId "12577324"]
[BlackFideId "1136194"]
[WhiteElo "2175"]
[BlackElo "2303"]
[Result "1-0"]
[Round "7"]
[TimeControl "180+2"]
[Date "2023.06.20"]
[WhiteClock "0:00:58"]
[BlackClock "0:01:50"]
[Board "52"]

1. e4 g6 2. d4 Bg7 3. Nc3 c6 4. Bc4 b5 5. Bb3 b4 6. Nce2 d5 7. exd5 cxd5 8. Nf3 Nf6 9. a3 bxa3 10. Rxa3 O-O 11. O-O Nc6 12. c3 Bg4 13. Ng3 e6 14. h3 Bxf3 15. Qxf3 Nd7 16. Ba4 Na5 17. Bxd7 Nc4 18. Bb5 Nxa3 19. bxa3 Qa5 20. a4 a6 21. Be2 Qxa4 22. h4 h5 23. Bg5 Qa5 24. Rc1 Rfc8 25. Kh2 Qa3 26. Qe3 a5 27. Bxh5 gxh5 28. Nxh5 Qd6+ 29. Bf4 Qe7 30. Qg3 f6 31. Bh6 Kh7 32. Bxg7 Rg8 33. Nxf6+ Qxf6 34. Bxf6 Rxg3 35. Kxg3 a4 36. Ra1 1-0


[Site "https://www.chess.com"]